 Dungeon Crawl Stone Soup version 0.30-a0-972-gf3ab3527aa (webtiles) character file.

Game seed: 13364710102351690955

919 cforsyth the Cudgeller (level 8, -22/65 HPs)
             Began as a Formicid Fighter on Apr 1, 2023.
             Annihilated by an orc
             ... wielding a +2 heavy flail
              (26 damage)
             ... on level 4 of the Dungeon.
             The game lasted 00:08:03 (3807 turns).

cforsyth the Cudgeller (Formicid Fighter)           Turns: 3807, Time: 00:08:03

Health: -22/65     AC: 12    Str: 24    XL:     8   Next: 31%
Magic:  8/8        EV:  6    Int:  7    God:
Gold:   170        SH:  5    Dex: 13    Spells: 7/7 levels left

rFire   . . .      SeeInvis +    a - +0 flail
rCold   . . .      Faith    .    c - +0 buckler
rNeg    . . .      Spirit   .    g - +1 plate armour
rPois   .          Reflect  .    (helmet unavailable)
rElec   .          Rampage  .    (no cloak)
rCorr   .                        (no gloves)
Will    .....                    (no boots) Stlth
                                 (no amulet)
HPRegen 0.30/turn                (no ring)
MPRegen 0.11/turn                (no ring)

@: weak-willed
A: permanent stasis, dig shafts and tunnels, antennae 3, four strong arms
a: Dig, Shaft Self


You were on level 4 of the Dungeon.
You visited 1 branch of the dungeon, and saw 6 of its levels.

You collected 170 gold pieces.

Inventory:

Hand Weapons
 a - a +0 flail (weapon)
Armour
 b - a +0 scale mail
 c - a +0 buckler (worn)
 g - a +1 plate armour (worn)
Jewellery
 p - a ring of fire
Scrolls
 e - 2 scrolls of amnesia {unknown}
 f - a scroll of brand weapon {unknown}
 k - a scroll of teleportation {unknown}
 m - 3 scrolls of identify {unknown}
 o - a scroll of enchant weapon {unknown}
Potions
 d - a potion of might
 h - a potion of curing {unknown}
 i - a potion of attraction {unknown}
 j - a potion of heal wounds {unknown}
 q - a potion of flight {unknown}


   Skills:
 + Level 6.5 Fighting
 * Level 7.6 Maces & Flails
 - Level 3.2 Armour
 - Level 4.0 Shields


You had 7 spell levels left.
You didn't know any spells.
Your spell library contained the following spells:

 Spells                   Type           Power      Damage    Failure   Level
 Ensorcelled Hibernation  Hex/Ice        0%         N/A       100%        2
 Passwall                 Tmut/Erth      0%         N/A       100%        2
 Swiftness                Air            Unusable   N/A       N/A         3

Dungeon Overview and Level Annotations

Branches:
Dungeon (6/15)
 Temple: D:4-7

Altars:
Fedhas
Gozag
Kikubaaqudgha
Wu Jian
Xom
Zin

Annotations:
D:4 Dowan, Duvessa


Innate Abilities, Weirdness & Mutations

You cannot be hasted, slowed, berserked, paralysed or teleported.
You can dig through walls and to a lower floor.
You have a pair of large antennae on your head. (SInv)
Your four strong arms can wield two-handed weapons with a shield.


Message History

The orc is severely wounded.
The ogre barely misses you. The orc hits you with a +0 dagger.
You closely miss the orc.
The orc is severely wounded.
You block the orc's attack.
An endoplasm comes into view.
The orc drinks a potion.
The orc goes berserk!
The ogre hits you with a +0 giant spiked club!!
The orc completely misses you.
The endoplasm quivers.
You barely miss the orc.
The orc is severely wounded.
The orc hits you with a +2 heavy flail!!
A worm comes into view.
The orc hits you but does no damage.
The ogre hits you with a +0 giant spiked club!
* * * LOW HITPOINT WARNING * * *
The orc hits you but does no damage.
You are too injured to fight recklessly!
You are too injured to fight recklessly!
You are too injured to fight recklessly!
You are too injured to fight recklessly!
You are too injured to fight recklessly!
You are too injured to fight recklessly!
You are too injured to fight recklessly!
You are too injured to fight recklessly!
Okay, then.
Level annotation: Dowan, Duvessa Welcome back, cforsyth the Formicid Fighter.
Press ? for a list of commands and other information.
As you read the scroll labelled TOSIEC PYDYB, it crumbles to dust.
It is a scroll of enchant armour.
Your +0 plate armour glows green for a moment.
You block the orc's attack. The orc hits you but does no damage.
The orc hits you with a +0 hand axe.
* * * LOW HITPOINT WARNING * * *
As you read the scroll labelled SIFREG YPPE, it crumbles to dust.
Magic quickly surges around you.
It was a scroll of vulnerability.
The orc hits you with a +2 heavy flail!!
You die...

......................#
......................#
.. .............# ..
.............# ..
.............# ..
.........$...# ..
w............# .
.............#
......O@.....#
......ooo....#
.....O.......#
...J.........#
.............#
.............#
.............#
.............#


You could see 2 ogres, a worm (weak-willed), 3 orcs and an endoplasm
(weak-willed).

Vanquished Creatures
  Pargi (D:3)
  An ogre (D:5)
  A centaur (D:5)
  A phantom (D:5)
  2 scorpions (D:5)
  A vampire bat (D:3)
  2 hounds
  An orc priest (D:6)
  A jelly (D:5)
  Natasha (thrice) (D:3)
  2 orc wizards
  An iguana (D:5)
  8 adders
  2 worms (D:2)
  A dart slug (D:1)
  9 orcs
  2 bat skeletons (D:3)
  4 bat zombies (D:3)
  8 endoplasms
  4 goblins
  6 hobgoblins
  5 quokkas
  5 ball pythons
  5 bats
  3 frilled lizards (D:1)
  5 kobolds
  A rat (D:1)
85 creatures vanquished.

Vanquished Creatures (others)
  2 fungi (D:3)
  2 plants (D:3)
4 creatures vanquished.

Grand Total: 89 creatures vanquished

Notes
Turn   | Place    | Note
-------+----------+-------------------------------------------
     0 | D:1      | cforsyth the Formicid Fighter began the quest for the Orb.
     0 | D:1      | Reached XP level 1. HP: 18/18 MP: 1/1
   103 | D:1      | Reached XP level 2. HP: 22/24 MP: 2/2
   343 | D:1      | Reached XP level 3. HP: 30/30 MP: 3/3
   382 | D:1      | Reached skill level 3 in Maces & Flails
  1112 | D:2      | Reached XP level 4. HP: 37/37 MP: 4/4
  1695 | D:3      | Noticed Pargi
  2004 | D:3      | Found a blossoming altar of Fedhas.
  2066 | D:3      | Reached skill level 4 in Maces & Flails
  2114 | D:3      | Found an ancient bone altar of Kikubaaqudgha.
  2122 | D:3      | Reached XP level 5. HP: 42/42 MP: 5/5
  2232 | D:4      | Noticed Duvessa
  2232 | D:4      | Noticed Dowan
  2242 | D:4      | You fall into a shaft and drop 1 floor!
  2242 | D:5      | Entered Level 5 of the Dungeon
  2376 | D:5      | Noticed a phantom
  2400 | D:5      | Killed a phantom
  2401 | D:5      | Reached skill level 5 in Fighting
  2401 | D:5      | Reached skill level 5 in Maces & Flails
  2401 | D:5      | Reached XP level 6. HP: 47/51 MP: 6/6
  2434 | D:5      | Found a glowing silver altar of Zin.
  2528 | D:5      | Found an opulent altar of Gozag.
  2557 | D:5      | Noticed an ogre
  2572 | D:5      | Killed an ogre
  2573 | D:5      | Reached XP level 7. HP: 25/56 MP: 7/7
  2887 | D:5      | Reached skill level 6 in Maces & Flails
  2908 | D:6      | Found a shimmering altar of Xom.
  3273 | D:5      | Reached skill level 7 in Maces & Flails
  3273 | D:5      | Reached XP level 8. HP: 60/64 MP: 8/8
  3320 | D:3      | Noticed Natasha
  3326 | D:3      | Killed Natasha
  3361 | D:3      | Found a faded altar of an unknown god.
  3468 | D:3      | Noticed Natasha
  3473 | D:3      | Killed Natasha
  3521 | D:3      | Found an ornate altar of the Wu Jian Council.
  3549 | D:3      | Killed Pargi
  3662 | D:3      | Noticed Natasha
  3668 | D:3      | Killed Natasha
  3806 | D:4      | HP: 3/65 [orc/+0 hand axe (2)]
  3807 | D:4      | Annihilated by an orc

Illustrated notes

Levels and vault maps discovered:
D:1:      dpeg_arrival_simpleton_a, layout_basic
D:2:      layout_basic
D:3:      layout_basic, kennysheep_vampire_church,
          mainiacjoe_overflow_surrounded_room, fedhas_altar_3,
          shapermc_ecumenical_altar_totnotflames, uniq_natasha, uniq_pargi
D:4:      layout_gridville, uniq_eustachio, uniq_duvessa
D:5:      layout_layer_cave, mainiacjoe_overflow_paths,
          overflow_temple_1_default, chequers_serial_rivers_micro_e,
          minmay_hollow_rounded_squares
D:6:      layout_gridville, lemuel_crystal_altar

Skill      XL: |  1  2  3  4  5  6  7 |
---------------+----------------------+-----
Maces & Flails | 3 4 5 7 |  7.6
Fighting       | 4 5 6 |  6.5
Armour         | |  3.2
Shields        | |  4.0

Action                     |  1- 3 |  4- 6 |  7- 9 || total
---------------------------+-------+-------+-------++-------
  Melee: Flail             |    78 |   116 |    92 ||   286
Ability: Shaft Self        |       |     1 |       ||     1
    Use: Scroll            |       |       |     2 ||     2
 Armour: Scale mail        |    27 |       |       ||    27
         Plate armour      |    22 |   101 |    80 ||   203
  Dodge: Dodged            |    35 |    39 |    41 ||   115
  Block: Buckler           |    17 |    37 |    37 ||    91

Table legend: (Time is in decaauts)
 A = Elapsed time spent in this place.
 B = Non-inter-level travel time spent in this place.
 C = Inter-level travel time spent in this place.
 D = Time resting spent in this place.
 E = Time spent auto-exploring this place.
 F = Levels seen in this place.
 G = Mean time per level.
                   A        B        C        D        E       F      G
               +--------+--------+--------+--------+--------+-----+--------+
         Total |   3866 |   3800 |     66 |    573 |   2084 |   6 |  644.3 |
       Dungeon |   3866 |   3800 |     66 |    573 |   2084 |   6 |  644.3 |
               +--------+--------+--------+--------+--------+-----+--------+

Top non-repeatable levels by time:
     D:3: 1153 daAuts
     D:1: 827 daAuts
     D:2: 740 daAuts
     D:5: 722 daAuts
     D:6: 328 daAuts
     D:4: 93 daAuts
